 Dungeon Crawl Stone Soup version 0.30-a0-691-g754fce4c43 (webtiles) character file.

Game seed: 10151805904583049451

110999 M4edhros the Blocker (level 16, -2/109 HPs)
             Began as an Octopode Artificer on Jan 19, 2023.
             Was an Elder of Cheibriados.
             Shot with an arrow by something (18 damage)
             ... on level 2 of the Elven Halls.
             The game lasted 01:34:02 (13938 turns).

M4edhros the Blocker (Octopode Artificer)          Turns: 13938, Time: 01:34:03

Health: -2/109     AC: 15    Str: 22    XL:     16   Next: 56%
Magic:  4/23       EV: 23    Int: 24    God:    Cheibriados [****..]
Gold:   1643       SH: 20    Dex: 29    Spells: 3/25 levels left

rFire   + . .      SeeInvis .      - Unarmed
rCold   . . .      Faith    .    u - +4 kite shield
rNeg    . . .      Spirit   .    l - +2 hat
rPois   +          Reflect  .    L - amulet of regeneration
rElec   .          Harm     .    a - +4 ring of protection
rCorr   .          Rampage  .    j - ring of willpower
Will    ++...                    z - +4 ring of protection
Stlth   ++++++                   D - +4 ring of protection
HPRegen 1.18/turn                R - ring of protection from cold
MPRegen 0.18/turn                Y - ring of fire
                                 m - +4 ring of slaying
                                 q - ring of poison resistance

@: very slow
A: almost no armour, amphibious, 8 rings, camouflage 1, gelatinous body 1,
(nimble swimmer 1), tentacles, deterioration 1, sense surroundings 1, MP-powered
wands
a: Renounce Religion, Bend Time, Temporal Distortion, Slouch


You were on level 2 of the Elven Halls.
You worshipped Cheibriados.
Cheibriados was greatly pleased with you.
You visited 5 branches of the dungeon, and saw 26 of its levels.
You also visited: Bailey and Volcano.

You collected 2383 gold pieces.
You spent 740 gold pieces at shops.

Inventory:

Missiles
 f - 38 poisoned darts (quivered)
 p - 2 javelins
 w - 9 atropa-tipped darts
 F - 3 curare-tipped darts
 N - 2 throwing nets
Armour
 l - a +2 hat (worn)
 u - a +4 kite shield (worn)
Jewellery
 a - a +4 ring of protection (left tentacle)
 j - a ring of willpower (right tentacle)
 m - a +4 ring of slaying (on tentacle)
 q - a ring of poison resistance (on tentacle)
 z - a +4 ring of protection (on tentacle)
 C - an amulet of magic regeneration
 D - a +4 ring of protection (on tentacle)
 L - an amulet of regeneration (around mantle)
 R - a ring of protection from cold (on tentacle)
 S - a ring of resist corrosion
 T - a +6 ring of strength
 Y - a ring of fire (on tentacle)
Wands
 b - a wand of flame (50)
 d - a wand of iceblast (4)
 o - a wand of polymorph (4)
 y - a wand of paralysis (7)
 G - a wand of light (4)
Scrolls
 g - 3 scrolls of magic mapping
 h - 4 scrolls of poison
 n - 4 scrolls of noise
 s - 2 scrolls of teleportation
 H - a scroll of fog
 I - a scroll of torment
 J - 3 scrolls of blinking
 K - 5 scrolls of vulnerability
 M - a scroll of immolation
 P - 3 scrolls of amnesia
 U - 2 scrolls of enchant weapon
 W - a scroll of fear
 X - a scroll of brand weapon {unknown}
Potions
 c - a potion of invisibility
 e - 3 potions of curing
 i - 3 potions of attraction
 k - a potion of flight
 r - a potion of ambrosia
 t - 3 potions of heal wounds
 v - 2 potions of brilliance
 A - 2 potions of mutation
 E - 3 potions of might
 Q - 2 potions of lignification
 Z - 2 potions of cancellation
Miscellaneous
 x - a phantom mirror (inert)
 V - a phial of floods (inert)


   Skills:
 + Level 10.2 Fighting
 - Level 10.4 Dodging
 - Level 9.2 Stealth
 + Level 13.8 Shields
 - Level 10.0 Unarmed Combat
 - Level 5.0 Spellcasting
 * Level 7.2 Summonings
 - Level 10.8 Translocations
 * Level 7.9 Air Magic
 - Level 8.0 Poison Magic
 - Level 5.3 Invocations
 - Level 7.2 Evocations


You had 3 spell levels left.
You knew the following spells:

 Your Spells              Type           Power      Damage    Failure   Level
a - Manifold Assault      Tloc           55%        N/A       1%          4
b - Call Canine Familiar  Summ           40%        N/A       2%          3
c - Momentum Strike       Conj/Tloc      64%        3d9       2%          2
d - Olgreb's Toxic Radia  Pois           44%        N/A       6%          4
e - Poisonous Vapours     Pois/Air       88%        N/A       1%          2
f - Mephitic Cloud        Conj/Pois/Air  31%        N/A       5%          3
g - Summon Lightning Spi  Summ/Air       42%        N/A       8%          4

Your spell library contained the following spells:

 Spells                   Type           Power      Damage    Failure   Level
 Summon Small Mammal      Summ           100%       N/A       1%          1
 Blink                    Tloc           100%       N/A       1%          2
 Call Imp                 Summ           40%        N/A       1%          2
 Sting                    Tmut/Pois      100%       1d8       3%          1
 Summon Guardian Golem    Hex/Summ       23%        N/A       11%         3
 Magic Dart               Conj           24%        1d4       16%         1
 Slow                     Hex            24%        N/A       16%         1
 Confusing Touch          Hex            6%         N/A       43%         3
 Inner Flame              Hex/Fire       9%         N/A       43%         3
 Vampiric Draining        Necr           6%         2d6       43%         3
 Flame Wave               Conj/Fire      9%         2d6       85%         4
 Sticky Flame             Conj/Fire      9%         2d3       85%         4
 Blade Hands              Tmut           3%         N/A       99%         5
 Irradiate                Conj/Tmut      3%         3d12      99%         5
 Dragon Form              Tmut           3%         N/A       100%        7
 Storm Form               Tmut/Air       12%        N/A       100%        7
 Maxwell's Capacitive Co  Air            21%        ∞         100%        8
 Chain Lightning          Conj/Air       12%        3d16      100%        9
 Fire Storm               Conj/Fire      4%         8d1       100%        9
 Shatter                  Erth           3%         3d7*      100%        9


Dungeon Overview and Level Annotations

Branches:
Dungeon (15/15)            Temple (1/1) D:7            Lair (5/5) D:9
 Shoals (0/4) Lair:3       Spider (0/4) Lair:2        Slime (0/5) Lair:4
    Orc (2/2) D:11            Elf (3/3) Orc:2        Vaults (0/5) D:14
 Depths (0/4) D:15         Bailey (visited)         Volcano (visited)

Altars:
Ashenzari
Cheibriados
Dithmenos
Elyvilon
Fedhas
Gozag
Kikubaaqudgha
Makhleb
Nemelex Xobeh
Okawaru
Ru
Trog
Uskayaw
Vehumet
Wu Jian
Xom
Yredelemnul
Jiyva

Shops:
D:11 *   Orc:2 (*[:   Elf:2 !(   Elf:3 *:

Annotations:
D:11 1 runed translucent door, Bueha's ghost, journeyman DsFi
D:15 1 exclusion
Lair:1 2 transporters, Puocootemp's ghost, journeyman GrFi
Lair:2 3 runed translucent doors, Lasawaed's ghost, journeyman GrFE
Lair:3 2 transporters, Ekkabamu's ghost, journeyman TeAE
Orc:2 3 runed translucent doors, flinch's ghost, journeyman DsHu


Innate Abilities, Weirdness & Mutations

You cannot wear most types of armour.
You are amphibious.
You can wear up to eight rings at the same time.
Your skin changes colour to match your surroundings (Stealth+).
Your rubbery body absorbs attacks. (AC +1, EV +1)
((You are camouflaged when in or above water. (Stealth+)))
You have tentacles for arms and can constrict up to eight enemies at once.
Your body sometimes deteriorates upon taking damage.
You passively map a small area around you.
You expend magic power (3 MP) to strengthen your wands.


Message History

Aim: a manticore (steam, heavily wounded, 85% to hit)
The puff of flame hits the manticore!
The manticore is severely wounded.
The manticore is engulfed in a cloud of scalding steam.
The manticore flicks its tail.
The volley of spikes misses you.
Aiming: Throw Flame
Press: ? - help, Shift-Dir - straight line, f/p - manticore
Aim: a manticore (steam, severely wounded, 85% to hit)
The puff of flame hits the manticore!
You kill the manticore!
Cheibriados appreciates the change of pace.
The barbs in your skin will harm you if you move.
Continue?
Okay, then.
You start resting.
You carefully extract the barbed spikes from your body.
Things that are here:
a +0 longbow; a +0 dagger; a +0 leather armour A deep elf knight is nearby!
A deep elf knight is nearby!
A deep elf knight is nearby!
The deep elf knight unwields a +0 trident.
The deep elf knight wields a +0 shortbow.
The deep elf knight shoots an arrow.
You block the arrow.
The deep elf knight mumbles some strange words.
The deep elf knight seems to speed up.
You hear a shout!
The deep elf knight shoots an arrow.
You block the arrow.
The deep elf knight shoots an arrow.
The arrow hits you!
The deep elf knight shoots an arrow.
You block the arrow.
The deep elf knight mumbles some strange words.
The deep elf knight flickers and vanishes!
Deactivating autopickup; reactivate with Ctrl-A.
You hear some strange, mumbled words.
A shard of ice appears from out of thin air!
The shard of ice hits you!!!
* * * LOW HITPOINT WARNING * * *
You hear a twanging sound.
An arrow appears from out of thin air!
The arrow hits you!!
You die...

####### ### ##.....##
###.### ##.......##
#.....# #.....†...#
#.....# *
######......†..###..)..#
'..,
'....'.....††..'.'...#'##
.)
###.....).†.########.## ,
##e ### #........### *
##.#
,.e####.####..@...{#.....
* ##' ,,*
###.....#+#....##e.....
#.
#.........##+###........,
##. #####.........#*
........, #..
....'..>......#
........,*##.
#####......<<.# ...... #.
#...[.....# ##
###.....### ** #
###.##'## * , *+


You could see a deep elf zephyrmancer.

Vanquished Creatures
  A sphinx (Elf:2)
  A deep elf sorcerer (Elf:1)
  An orc warlord (Orc:2)
  An ironbound preserver (D:14)
  A stone giant (Orc:2)
  The ghost of Viurghidai the Magus, a journeyman DsRe of Nemelex Xobeh (Lair:4)
  An ettin (Orc:2)
  Harold (D:11)
  Fannar (Lair:2)
  A rakshasa (D:14)
  7 hydras
  7 boulder beetles
  6 centaur warriors
  9 dancing weapons
  2 catoblepae (Lair:5)
  6 two-headed ogres
  2 death knights
  11 death yaks
  A deep troll shaman (Lair:5)
  A vampire mage (D:15)
  A hell knight (Volcano)
  An orc high priest (Orc:1)
  2 deep elf knights
  An orange crystal statue (D:14)
  4 slime creatures
  4 deep elf archers
  2 orc knights
  An orb spider (Lair:2)
  A wizard (D:15)
  A lindwurm (Lair:5)
  2 phantasmal warriors (D:15)
  10 deep elf zephyrmancers
  13 deep elf pyromancers
  2 orc sorcerers
  19 ugly things
  A wolf spider (D:15)
  12 cyclopes
  6 manticores
  A merfolk siren (Lair:3)
  10 elephants (Lair:5)
  8 black mambas
  An ice statue (D:14)
  11 cane toads
  A torpor snail (Lair:4)
  2 gargoyles
  2 rime drakes
  A kobold demonologist (D:13)
  A freezing wraith (D:15)
  6 komodo dragons
  A meliai (D:14)
  5 trolls
  A merfolk (Lair:3)
  5 polar bears
  Grinder (D:4)
  A meliai (shapeshifter) (D:13)
  6 dream sheep (Lair:5)
  8 blink frogs
  A shadow (D:11)
  An air elemental (Elf:2)
  A wyvern (Lair:5)
  2 water elementals
  A vampire (D:10)
  2 wraiths
  5 basilisks
  23 yaks
  A golden eye (shapeshifter) (D:14)
  3 fire elementals
  Grum (D:11)
  4 vampire mosquitoes (D:10)
  A redback (shapeshifter) (D:14)
  2 steam dragons
  4 wargs
  9 water moccasins
  29 orc warriors
  An ice beast (D:8)
  2 black bears
  22 wolves
  4 ogres
  A boggart (D:14)
  8 centaurs
  A phantom (D:5)
  A kobold brigand (D:10)
  A necrophage (D:6)
  2 gnoll sergeants
  An earth elemental (Elf:1)
  14 bullfrogs
  2 scorpions (D:6)
  3 wights (D:8)
  11 killer bees
  2 howler monkeys
  3 hounds
  5 jellies
  2 gnoll boudas
  11 orc priests
  4 iguanas
  24 orc wizards
  7 hell rats (Lair:3)
  Robin (D:3)
  11 gnolls
  6 adders
  An ufetubus (D:6)
  A dart slug (D:1)
  73 orcs
  7 endoplasms
  6 giant cockroaches
  3 hobgoblins
  4 jackals
  10 kobolds
  A quokka (D:2)
  4 ball pythons
  4 bats
  4 frilled lizards
  15 goblins
  8 rats
598 creatures vanquished.

Vanquished Creatures (collateral kills)
  A hydra (Elf:2)
  A deep elf archer (Elf:1)
  A manticore (Elf:2)
  A deep elf zephyrmancer (Elf:2)
  A cyclops (Orc:2)
  A wyvern (Elf:2)
  Eustachio (D:4)
  A kobold brigand (D:7)
  A hound (D:4)
  2 orc wizards
  5 gnolls
  3 orcs
  A hobgoblin (D:4)
  3 kobolds (D:7)
  A goblin (D:4)
24 creatures vanquished.

Vanquished Creatures (others)
  An ettin (Orc:2)
  A death yak (Lair:5)
  4 deep elf knights
  A manticore (Elf:2)
  A water moccasin (D:5)
  A hound (D:4)
  A jelly (D:4)
  An orc wizard (D:6)
  2 gnolls
  An orc (D:7)
  32 fungi
  27 plants
  2 withered plants (D:11)
75 creatures vanquished.

Grand Total: 697 creatures vanquished

Notes
Turn   | Place    | Note
-------+----------+-------------------------------------------
     0 | D:1      | M4edhros the Octopode Artificer began the quest for the
                  | Orb.
     0 | D:1      | Reached XP level 1. HP: 13/13 MP: 1/1
    88 | D:1      | Reached XP level 2. HP: 14/18 MP: 2/2
   295 | D:2      | Reached XP level 3. HP: 23/23 MP: 3/3
   377 | D:5      | Entered Level 5 of the Dungeon
   419 | D:5      | Noticed a phantom
   502 | D:5      | Reached XP level 4. HP: 29/29 MP: 4/4
   504 | D:5      | Noticed a gnoll sergeant
   567 | D:4      | Noticed Eustachio
   584 | D:5      | Reached XP level 5. HP: 26/35 MP: 5/5
   685 | D:6      | Reached XP level 6. HP: 35/41 MP: 6/6
   899 | D:7      | Reached skill level 1 in Shields
   905 | D:7      | Noticed an orc warrior
   924 | D:7      | Reached skill level 5 in Evocations
   924 | D:7      | Reached XP level 7. HP: 41/46 MP: 7/7
   947 | D:7      | Found a staircase to the Ecumenical Temple.
   969 | Temple   | Entered the Ecumenical Temple
   994 | Temple   | Became a worshipper of Cheibriados the Contemplative
   995 | Temple   | 1k chei
  1358 | D:2      | Reached skill level 2 in Shields
  1378 | D:1      | Reached * piety under Cheibriados
  1621 | D:3      | Noticed Robin
  1673 | D:3      | Killed Robin
  1868 | D:3      | Found a shadowy altar of Dithmenos.
  1895 | D:4      | Noticed Grinder
  1902 | D:3      | Reached ** piety under Cheibriados
  1929 | D:4      | Killed Eustachio
  1930 | D:4      | Reached skill level 5 in Stealth
  1930 | D:4      | Reached skill level 1 in Unarmed Combat
  1976 | D:4      | Killed Grinder
  1977 | D:4      | Reached skill level 3 in Shields
  1977 | D:4      | Reached XP level 8. HP: 41/54 MP: 8/8
  2530 | D:6      | Found a broken altar of Ashenzari.
  2567 | D:6      | Reached skill level 4 in Shields
  2710 | D:6      | Reached *** piety under Cheibriados
  2730 | D:6      | Learned a level 4 spell: Manifold Assault
  2783 | D:6      | Reached skill level 5 in Dodging
  2856 | D:7      | Found a basalt altar of Yredelemnul.
  2905 | D:7      | Gained mutation: You passively map a small area around you.
                  | [potion of mutation]
  2905 | D:7      | Gained mutation: Your body sometimes deteriorates upon
                  | taking damage. [potion of mutation]
  2905 | D:7      | Gained mutation: You expend magic power (3 MP) to
                  | strengthen your wands. [potion of mutation]
  2980 | D:7      | Learned a level 3 spell: Call Canine Familiar
  3005 | D:7      | Reached skill level 1 in Translocations
  3005 | D:7      | Reached XP level 9. HP: 55/59 MP: 0/9
  3166 | D:7      | Reached skill level 5 in Shields
  3341 | D:8      | Reached **** piety under Cheibriados
  3350 | D:8      | Noticed a two-headed ogre
  3364 | D:8      | Killed a two-headed ogre
  3365 | D:8      | Reached skill level 5 in Fighting
  3365 | D:8      | Reached skill level 5 in Unarmed Combat
  3423 | D:8      | Reached XP level 10. HP: 54/66 MP: 10/10
  3441 | D:8      | Reached skill level 6 in Shields
  3512 | D:8      | Found a flagged portal.
  3562 | Bailey   | Entered a bailey
  3663 | Bailey   | Noticed an orc knight
  3683 | Bailey   | Killed an orc knight
  3698 | Bailey   | Found a large runed translucent door.
  3698 | Bailey   | Found a large runed translucent door.
  3699 | Bailey   | Noticed a deep elf pyromancer
  3808 | Bailey   | Killed a deep elf pyromancer
  3828 | Bailey   | Got the Anthology of Injurious Lava
  3832 | Bailey   | Learned a level 2 spell: Momentum Strike
  3833 | Bailey   | Identified the +2 robe of Vampiric Thralls {Dex+2}
  3834 | Bailey   | Identified the +7 glaive of Jigruab {freeze, rPois Will++}
  3993 | D:9      | Reached skill level 1 in Summonings
  4153 | D:9      | Reached ***** piety under Cheibriados
  4171 | D:9      | Reached skill level 5 in Translocations
  4205 | D:9      | Found a staircase to the Lair.
  4222 | D:9      | Found a shimmering altar of Xom.
  4326 | D:9      | Reached skill level 7 in Shields
  4467 | D:10     | Entered Level 10 of the Dungeon
  4634 | D:10     | Reached XP level 11. HP: 72/72 MP: 11/11
  4655 | D:10     | Reached skill level 1 in Invocations
  5006 | D:11     | Found Wehiudek's Neck Hole.
  5010 | D:11     | Bought an amulet of regeneration for 540 gold pieces
  5083 | D:11     | Noticed Harold
  5175 | D:11     | Noticed Grum
  5178 | D:11     | Noticed a boulder beetle
  5180 | D:11     | Noticed a boulder beetle
  5183 | D:11     | Killed Grum
  5200 | D:10     | Killed a boulder beetle
  5353 | D:12     | Noticed a boulder beetle
  5372 | D:12     | Killed a boulder beetle
  5474 | D:12     | Found a white marble altar of Elyvilon.
  5480 | D:12     | Reached skill level 8 in Shields
  5741 | D:12     | Noticed a two-headed ogre
  5752 | D:12     | Killed a two-headed ogre
  5753 | D:12     | Reached skill level 1 in Spellcasting
  5817 | D:11     | Killed Harold
  5818 | D:11     | Reached XP level 12. HP: 78/80 MP: 11/14
  5895 | D:11     | Found a staircase to the Orcish Mines.
  5907 | Orc:1    | Entered Level 1 of the Orcish Mines
  5944 | Orc:1    | Noticed a soul eater
  6057 | Orc:2    | Entered Level 2 of the Orcish Mines
  6081 | Orc:2    | Found a shimmering altar of Xom.
  6085 | Orc:2    | Found Leavelem's General Store.
  6086 | Orc:2    | Noticed an ettin
  6114 | Orc:2    | Bought 2 potions of heal wounds for 130 gold pieces
  6196 | Orc:2    | Found a staircase to the Elven Halls.
  6204 | Orc:2    | Noticed an orc warlord
  6233 | Orc:2    | Killed an orc warlord
  6272 | Orc:2    | Noticed an ettin
  6273 | Orc:2    | Found Movun's Book Boutique.
  6283 | Orc:2    | Killed an ettin
  6341 | Orc:2    | Noticed flinch's ghost (journeyman DsHu)
  6352 | Orc:2    | Found a runed translucent gate.
  6352 | Orc:2    | Found a runed translucent gate.
  6355 | Orc:2    | Noticed a two-headed ogre
  6356 | Orc:2    | Found a runed translucent gate.
  6400 | Orc:2    | Found Agelua's Antique Armour Boutique.
  6400 | Orc:2    | Noticed a stone giant
  6407 | Orc:2    | Killed a stone giant
  6408 | Orc:2    | Reached skill level 9 in Shields
  6470 | Orc:2    | Found Tyzuam's Antique Weapon Shop.
  6495 | Orc:2    | Noticed an ettin
  6671 | Orc:1    | Noticed an orc high priest
  6682 | Orc:1    | Killed an orc high priest
  6702 | Orc:1    | Reached XP level 13. HP: 34/84 MP: 1/17
  7040 | D:11     | Found a runed translucent door.
  7040 | D:11     | Noticed Bueha's ghost (journeyman DsFi)
  7184 | Lair:1   | Entered Level 1 of the Lair of Beasts
  7236 | Lair:1   | Found a transporter.
  7239 | Lair:1   | Noticed Puocootemp's ghost (journeyman GrFi)
  7240 | Lair:1   | Found a transporter.
  7372 | Lair:2   | Found a hole to the Spider Nest.
  7465 | Lair:1   | Reached skill level 5 in Summonings
  7465 | Lair:1   | Reached skill level 5 in Invocations
  7729 | Lair:2   | Found a runed translucent gate.
  7729 | Lair:2   | Found a runed translucent gate.
  7731 | Lair:2   | Found a runed translucent gate.
  7731 | Lair:2   | Noticed Lasawaed's ghost (journeyman GrFE)
  7767 | Lair:2   | Noticed Fannar
  7783 | Lair:2   | Killed Fannar
  7892 | Lair:2   | Reached skill level 10 in Shields
  8001 | Lair:3   | Found a transporter.
  8002 | Lair:3   | Found a bloodstained altar of Trog.
  8002 | Lair:3   | Noticed Ekkabamu's ghost (journeyman TeAE)
  8018 | Lair:3   | Found a transporter.
  8057 | Lair:3   | Learned a level 4 spell: Olgreb's Toxic Radiance
  8060 | Lair:3   | Learned a level 2 spell: Poisonous Vapours
  8157 | Lair:3   | Reached skill level 10 in Unarmed Combat
  8444 | Lair:3   | Found a staircase to the Shoals.
  8496 | Lair:3   | Reached skill level 10 in Translocations
  8529 | Lair:3   | Reached skill level 11 in Shields
  8685 | Lair:4   | Found a dark tunnel.
  8694 | Volcano  | Entered a volcano
  8725 | Volcano  | Reached XP level 14. HP: 76/90 MP: 6/18
  8922 | Lair:4   | Found a transporter.
  8937 | Lair:4   | Found a staircase to the Slime Pits.
  8937 | Lair:4   | Found a viscous altar of Jiyva.
  8937 | Lair:4   | Noticed Viurghidai's ghost (journeyman DsRe)
  8952 | Lair:4   | Found a transporter.
  9003 | Lair:4   | Killed Viurghidai's ghost
  9095 | Lair:4   | Learned a level 3 spell: Mephitic Cloud
  9171 | Lair:4   | Reached skill level 1 in Poison Magic
  9296 | Lair:5   | Entered Level 5 of the Lair of Beasts
  9376 | Lair:5   | Reached skill level 12 in Shields
  9675 | Lair:5   | Reached skill level 5 in Poison Magic
  9889 | Lair:5   | Reached skill level 10 in Dodging
  9910 | Lair:5   | Reached skill level 13 in Shields
  9912 | Lair:5   | Found the +0 pair of fencer's gloves {Riposte Dex+3}
 10010 | Lair:5   | Reached XP level 15. HP: 95/95 MP: 19/19
 10339 | Elf:1    | Entered Level 1 of the Elven Halls
 10447 | Elf:1    | Noticed a deep elf sorcerer
 10456 | Elf:1    | Killed a deep elf sorcerer
 10508 | Elf:3    | Entered Level 3 of the Elven Halls
 10542 | Elf:3    | Found Qiezxe Gufo's Book Shop.
 10648 | Elf:3    | Found Tarr's Assorted Antiques.
 11882 | D:14     | Reached skill level 5 in Spellcasting
 12110 | D:14     | Found a gate to the Vaults.
 12194 | D:14     | Identified a scroll of acquirement
 12194 | D:14     | Acquired a ring of poison resistance
 12298 | D:14     | Found an ornate altar of the Wu Jian Council.
 12379 | D:14     | Learned a level 4 spell: Summon Lightning Spire
 12393 | D:14     | Reached skill level 1 in Air Magic
 12512 | D:15     | Entered Level 15 of the Dungeon
 12879 | D:15     | Reached skill level 5 in Air Magic
 12880 | D:15     | Reached XP level 16. HP: 40/108 MP: 4/23
 13505 | Elf:1    | Identified the +1 spear of the Shining Light {heavy, *Rage
                  | rPois rF++ rCorr}
 13615 | Elf:2    | Found Cazisme's Distillery.
 13623 | Elf:2    | Found Zigho's Weapon Emporium.
 13662 | Elf:2    | Reached skill level 10 in Fighting
 13746 | Elf:2    | Bought 6 atropa-tipped darts for 70 gold pieces
 13819 | Elf:2    | Paralysed by an air elemental for 1 turns
 13909 | Elf:2    | Noticed a sphinx
 13922 | Elf:2    | Killed a sphinx
 13938 | Elf:2    | Shot with an arrow by something

Illustrated notes

### ##≈## ##≈≈≈##
##≈≈≈≈≈## ##≈≈≈.≈≈≈##
##≈≈≈...≈≈≈##
#≈≈≈..@..≈≈≈##
#≈≈≈_......≈≈≈##########
≈≈≈≈≈≈..._..≈≈≈≈≈≈≈≈≈≈≈≈
≈≈≈≈≈≈≈≈.....≈≈≈._...._.
....≈≈≈≈≈....≈≈≈≈.._...≈
........≈....≈≈≈......≈≈
≈≈≈≈........≈≈≈......≈≈≈
≈.........≈≈≈......≈≈≈≈#
.......<........≈≈≈≈≈≈##


Turn 995 on Temple: 1k chei

Levels and vault maps discovered:
D:1:      sevenhm_arrival_forest_fort_small_3, layout_rooms
D:2:      layout_basic, minmay_misc_feat_chi
D:3:      layout_rooms, mainiacjoe_overflow_alcove_4, uniq_robin
D:4:      layout_rooms, solitary_fountain, uniq_eustachio, uniq_grinder
D:5:      layout_basic, nicolae_underground_beach
D:6:      layout_basic, cheibrodos_ashenzari_chains
D:7:      layout_basic, overflow_temple_1_default, minmay_temple_entry_overgrown
D:8:      layout_basic, enter_bailey_8, grunt_ministairs_13
D:9:      layout_loops_ring, kennysheep_mini_moat, erik_lair_orcish_takeover
D:10:     layout_loops_ring
D:11:     layout_long_grid, david_orc_4, gammafunk_ghost_grave,
          chequers_serial_rivers_large_a, nicolae_shop_sticking_my_neck_out,
          uniq_harold, uniq_grum
D:12:     layout_irregular_city, nicolae_elyvilon_temple_path
D:13:     layout_roguey
D:14:     minmay_separated_statues, layout_cave_pools,
          skrybe_vaults_entry_preservation, nicolae_wu_jian_immortal_techniques,
          serial_rivers, chequers_serial_rivers_marsh,
          chequers_serial_rivers_micro_c, chequers_serial_rivers_small_3,
          chequers_serial_rivers_room_a, chequers_serial_rivers_micro_d,
          chequers_serial_rivers_marsh, st_stairs_13
D:15:     grunt_enter_depths_hoard, layout_stronghold, minivault_27, drop_trap,
          nzn_life_drinkers
Temple:   hc_temple_tempest_star
Lair:1:   layout_loops_ring, gammafunk_ghost_arena
Lair:2:   layout_long_grid, nicolae_spider_entry_orb_guardian,
          ebering_ghost_rock_garden, cheibrodos_lair_caveside_slide, uniq_fannar
Lair:3:   layout_layer_cave, elwin_shoals_entry_rooms,
          gammafunk_ghost_wrathful_warriors, beast_lair_carwin_9,
          lemuel_fruit_tree, infiniplex_staircase_pool_2, lemuel_fruit_fields
Lair:4:   layout_regular_city, nicolae_slime_entry_field_trip,
          gammafunk_ghost_arena, enter_volcano_2, minivault_25,
          chequers_serial_rivers_room_a, chequers_serial_rivers_room_b
Lair:5:   grunt_lair_end_beastmaster, layout_cave_pods,
          chequers_serial_rivers_micro_e, nicolae_lair_lil_pond
Orc:1:    nicolae_orc_accident_1, layout_caves
Orc:2:    grunt_orc_gardens, layout_caves, grunt_orc_garden, grunt_orc_garden,
          grunt_orc_garden, grunt_orc_garden, basic_altar, gammafunk_ghost_split
Elf:1:    layout_onion_city, minmay_elf_sorcery, dreamdust_deal_with_the_devil,
          serial_sigils_hangedman_shear
Elf:2:    nicolae_elf_blades_crystal_corner, layout_geoelf_octagon,
          gammafunk_ghost_tricky_traps, special_room
          [special_room_mythical_zoo], minmay_shop_star, uniq_azrael
Elf:3:    minmay_elf_hall_x, layout_loops_corners, gammafunk_ghost_grave,
          serial_shops, nicolae_shop_behind_doors, nicolae_shop_stone,
          nicolae_elf_theology_debate

Skill      XL: |  1  2  3  4  5  6  7  8  9 10 11 12 13 14 15 16 |
---------------+-------------------------------------------------+-----
Stealth        | 2 3 4 5 6 7 8 9 |  9.2
Fighting       | 2 3 4 5 6 9 10 | 10.2
Dodging        | 3 4 5 6 7 8 10 | 10.4
Evocations     | 4 5 6 7 |  7.2
Shields        | 1 3 4 5 7 8 9 11 13 | 13.8
Unarmed Combat | 2 3 5 6 7 9 10 | 10.0
Translocations | 1 3 5 6 8 10 | 10.8
Summonings     | 1 3 4 5 7 |  7.2
Invocations    | 3 4 5 |  5.3
Spellcasting   | 1 3 5 |  5.0
Poison Magic   | 7 8 |  8.0
Air Magic      | 5 7 |  7.9

Action                   |  1- 3 |  4- 6 |  7- 9 | 10-12 | 13-15 | 16-18 || total
-------------------------+-------+-------+-------+-------+-------+-------++-------
Melee: Unarmed           |    70 |    50 |   251 |   488 |   969 |   152 ||  1980
       Tentacles         |    18 |    15 |    83 |   169 |   362 |    50 ||   697
       Constrict         |    17 |    12 |    64 |    99 |   120 |    27 ||   339
       Punch             |     2 |     1 |    12 |    43 |   111 |    13 ||   182
Throw: Dart              |       |       |     5 |    22 |    41 |     9 ||    77
 Cast: Momentum Strike   |       |       |       |     5 |     2 |       ||     7
       Manifold Assault  |       |       |       |     5 |     2 |       ||     7
       Poisonous Vapours |       |       |       |       |    10 |       ||    10
       Mephitic Cloud    |       |       |       |       |     4 |       ||     4
       Olgreb's Toxic Ra |       |       |       |       |     3 |       ||     3
       Summon Lightning  |       |       |       |       |       |     8 ||     8
Invok: Slouch            |       |       |       |    10 |    15 |     1 ||    26
Evoke: Wand              |     3 |     6 |    31 |    39 |    12 |    12 ||   103
       Phantom mirror    |       |       |       |     2 |     5 |     1 ||     8
       Phial of floods   |       |       |       |       |     2 |     1 ||     3
  Use: Scroll            |       |       |    11 |     4 |    20 |     1 ||    36
       Potion            |       |       |     3 |     8 |     4 |     2 ||    17
 Stab: Sleeping          |     5 |     1 |    19 |     7 |    31 |     7 ||    70
       Paralysed         |       |       |     8 |     9 |     3 |       ||    20
       Betrayed ally     |       |       |     1 |       |       |       ||     1
       Invisible         |       |       |       |     7 |     5 |       ||    12
       Distracted        |       |       |       |     1 |     2 |       ||     3
       Confused          |       |       |       |       |     4 |       ||     4
Armor: Skin              |    15 |    12 |    63 |    94 |   162 |    41 ||   387
Dodge: Dodged            |    37 |    26 |   144 |   265 |   594 |    95 ||  1161
Block: Buckler           |       |       |    62 |       |       |       ||    62
       Kite shield       |       |       |    23 |   410 |   870 |   158 ||  1461

Table legend: (Time is in decaauts)
 A = Elapsed time spent in this place.
 B = Non-inter-level travel time spent in this place.
 C = Inter-level travel time spent in this place.
 D = Time resting spent in this place.
 E = Time spent auto-exploring this place.
 F = Levels seen in this place.
 G = Mean time per level.
                   A        B        C        D        E       F      G
               +--------+--------+--------+--------+--------+-----+--------+
         Total |  21052 |  17640 |   3412 |     87 |   1615 |  28 |  751.9 |
       Dungeon |  12405 |  10317 |   2088 |     35 |   1286 |  15 |  827.0 |
        Temple |     36 |     25 |     11 |      0 |      0 |   1 |   36.0 |
          Lair |   4724 |   3941 |    783 |      2 |      0 |   5 |  944.8 |
  Orcish Mines |   1575 |   1281 |    294 |      0 |      0 |   2 |  787.5 |
   Elven Halls |   1607 |   1373 |    234 |      2 |    329 |   3 |  535.7 |
        Bailey |    454 |    454 |      0 |     48 |      0 |   1 |  454.0 |
       Volcano |    247 |    247 |      0 |      0 |      0 |   1 |  247.0 |
               +--------+--------+--------+--------+--------+-----+--------+

Top non-repeatable levels by time:
    D:14: 1265 daAuts
     D:9: 1237 daAuts
    D:10: 1234 daAuts
  Lair:5: 1225 daAuts
    D:11: 1189 daAuts
  Lair:3: 1051 daAuts
    D:15: 1002 daAuts
    D:12: 938 daAuts
     D:7: 914 daAuts
    D:13: 890 daAuts
  Lair:4: 889 daAuts
   Orc:2: 877 daAuts
  Lair:2: 787 daAuts
  Lair:1: 771 daAuts
   Elf:1: 712 daAuts
